 Dungeon Crawl Stone Soup version 0.23.2-40-g277498a001 (webtiles) character file.

Game seed: 16490150580954067023

784 Aggronaut the Chopper (level 7, -2/93 HPs)
             Began as a Green Draconian Berserker on Sept 27, 2019.
             Was a High Priest of Trog.
             Splashed by a jelly's acid (10 damage)
             ... on level 4 of the Dungeon on Sept 30, 2019.
             The game lasted 00:14:14 (5466 turns).

Aggronaut the Chopper (Green Draconian Berserker)   Turns: 5466, Time: 00:14:15

Health: -2/93      AC: -18   Str: 26    XL:     7   Next: 55%
Magic:  7/7        EV: 13    Int:  8    God:    Trog [*****.]
Gold:   144        SH:  0    Dex: 10    Spells: 6/6 levels left

rFire    + . .     SeeInvis .   a - +0 hand axe
rCold    . . .     Gourm    .   (no shield)
rNeg     . . .     Faith    +   (armour unavailable)
rPois    +         Spirit   .   (helmet restricted)
rElec    .         Reflect  .   (no cloak)
rCorr    .         Harm     .   (no gloves)
MR       .....                  (no boots)
Stlth    ..........             q - amulet of faith
HPRegen  0.25/turn              g - ring of protection from fire
MPRegen  0.10/turn              f - ring of flight

@: berserking, corroded, very quick
A: breathe noxious fumes, unfitting armour, poison resistance, cold-blooded, AC
+6
a: Breathe Noxious Fumes, Berserk, Trog's Hand, Brothers in Arms, Renounce
Religion, Evoke Flight


You were on level 4 of the Dungeon.
You worshipped Trog.
Trog was extremely pleased with you.
You were not hungry.

You visited 1 branch of the dungeon, and saw 4 of its levels.
You also visited: Sewer.

You collected 144 gold pieces.

Inventory:

Hand Weapons
 a - a +0 hand axe (weapon)
Jewellery
 f - a ring of flight (right hand)
 g - a ring of protection from fire (left hand)
 q - an amulet of faith (around neck)
 s - a +3 ring of evasion {unknown}
Wands
 r - a wand of flame (19)
Scrolls
 d - a scroll of noise {unknown}
 e - a scroll of immolation {unknown}
 i - a scroll of magic mapping
 l - a scroll of enchant weapon {unknown}
 n - 3 scrolls of remove curse
 t - 2 scrolls of teleportation {unknown}
 v - a scroll of blinking {unknown}
 w - a scroll of amnesia {unknown}
 x - a scroll of fear {unknown}
Potions
 h - 8 potions of curing
 j - 4 potions of agility
 k - 4 potions of heal wounds
 o - a potion of brilliance
 p - 3 potions of mutation {unknown}
 u - 3 potions of flight {unknown}
 z - a potion of cancellation
Comestibles
 b - 7 rations


   Skills:
 + Level 5.8 Fighting
 * Level 7.0 Axes
 - Level 4.0 Dodging
 - Level 1.0 Stealth


You had 6 spell levels left.
You didn't know any spells.
Your spell library was empty.

Dungeon Overview and Level Annotations

Branches:
Dungeon (4/15)
 Temple: D:4-7

Altars:
Dithmenos


Innate Abilities, Weirdness & Mutations

You can breathe blasts of noxious fumes.
Your lurid green scales are hard. (AC +6)
You cannot fit into any form of body armour.
Your system is resistant to poisons. (rPois)
You are cold-blooded and may be slowed by cold attacks.


Message History

You feel yourself moving faster!
You feel mighty! The jelly hits you. The acid corrodes you!
You are splashed with acid!
You hit the jelly but do no damage. The acid corrodes you!
Your hands burn!
* * * LOW HITPOINT WARNING * * *
The jelly is lightly wounded.
The jelly hits you.
* * * LOW HITPOINT WARNING * * *
The acid corrodes you!
You are splashed with acid!
* * * LOW HITPOINT WARNING * * *
You hit the jelly. The acid corrodes you!
Your hands burn!
* * * LOW HITPOINT WARNING * * *
You tail-slap the jelly.
The jelly is almost dead.
You hit the jelly.
Your hands burn!
* * * LOW HITPOINT WARNING * * *
The jelly is almost dead.
The jelly hits you.
* * * LOW HITPOINT WARNING * * *
The acid corrodes you!
You are splashed with acid!
You die...

#####..⌠≈≈≈≈..###...
##...≈≈≈≈..# #...
#..........# #...
#.######.......[.##
####
(.)....'...........
#.######....#######
#....# #####....#
#OoJ@....#
#W######## ... ♣.♣..
oo o.. .. .♣.# .


Wo.? .. ## You could see a phantom, an ogre, a jelly and an orc.

Vanquished Creatures
  An ogre (D:4)
  2 big kobolds (Sewer)
  A hound (D:4)
  Jessica (D:2)
  An orc wizard (D:4)
  5 worker ants (D:4)
  16 adders
  5 river rats
  4 oozes
  An adder skeleton (D:4)
  3 worms (D:3)
  A dart slug (D:2)
  4 leopard geckos
  10 orcs
  5 ball pythons
  5 giant cockroaches
  6 goblins
  9 hobgoblins
  8 jackals
  A quokka (D:3)
  11 bats
  6 frilled lizards
  25 kobolds
  42 rats
173 creatures vanquished.

Notes
Turn   | Place    | Note
-------+----------+-------------------------------------------
     0 | D:1      | Aggronaut the Draconian Berserker began the quest for the
                  | Orb.
     0 | D:1      | Reached XP level 1. HP: 19/19 MP: 1/1
    88 | D:1      | Reached XP level 2. HP: 26/26 MP: 2/2
   424 | D:1      | Reached ** piety under Trog
   562 | D:1      | Reached XP level 3. HP: 31/33 MP: 3/3
   983 | D:2      | Found a shadowy altar of Dithmenos.
  1234 | D:2      | Reached XP level 4. HP: 39/40 MP: 4/4
  1252 | D:2      | Reached skill level 4 in Axes
  2054 | D:2      | Noticed Jessica
  2062 | D:2      | Killed Jessica
  2570 | D:3      | Reached XP level 5. HP: 37/46 MP: 5/5
  2769 | D:3      | Found a glowing drain.
  2799 | Sewer    | Entered a sewer
  3020 | Sewer    | Reached *** piety under Trog
  3020 | Sewer    | Reached skill level 5 in Axes
  3020 | Sewer    | Reached skill level 1 in Stealth
  3063 | Sewer    | Reached XP level 6. HP: 48/53 MP: 6/6
  3896 | D:3      | Reached skill level 5 in Fighting
  3897 | D:3      | Reached **** piety under Trog
  4105 | D:3      | Reached skill level 6 in Axes
  4394 | D:4      | Your scales start taking on a lurid green colour.
  4394 | D:4      | Reached XP level 7. HP: 54/61 MP: 7/7
  4394 | D:4      | Gained mutation: Your system is resistant to poisons.
                  | (rPois) [Green Draconian growth]
  5422 | D:4      | Reached skill level 7 in Axes
  5434 | D:4      | Reached ***** piety under Trog
  5466 | D:4      | Splashed by a jelly's acid

Skill      XL: |  1  2  3  4  5  6  7 |
---------------+----------------------+-----
Dodging        | 3 4 |  4.0
Axes           | 4 5 6 7 |  7.0
Fighting       | 4 5 |  5.8
Stealth        | 1 |  1.0

Action                   |  1- 3 |  4- 6 |  7- 9 || total
-------------------------+-------+-------+-------++-------
Melee: Hand axe          |   121 |   332 |    94 ||   547
       Tailslap          |     4 |    30 |    19 ||    53
Throw: Throwing net      |       |       |     1 ||     1
Invok: Berserk           |       |     3 |     2 ||     5
 Abil: Breathe Noxious F |       |       |     1 ||     1
  Use: Scroll            |       |     6 |     5 ||    11
       Potion            |       |       |     1 ||     1
 Stab: Sleeping          |       |     1 |       ||     1
  Eat: Chunk             |     1 |    14 |     3 ||    18
       Ration            |       |       |     1 ||     1
Armor: Skin              |    34 |   110 |    25 ||   169
Dodge: Dodged            |   117 |   296 |    47 ||   460
